 Dungeon Crawl Stone Soup version 0.29-a0-72-g1732ff48e7 (webtiles) character file.

Game seed: 2627587469522912576

59 Zonian the Magician (level 4, -13/46 HPs)
             Began as a Djinni Ice Elementalist on Feb 3, 2022.
             Was an Initiate of Yredelemnul.
             Blown up by Ijyb (21 damage)
             ... with a mindburst bolt
             ... on level 2 of the Dungeon.
             The game lasted 00:03:32 (2940 turns).

Zonian the Magician (Djinni Ice Elementalist)       Turns: 2940, Time: 00:03:32

Health: -13/46     AC:  2    Str:  7    XL:     4   Next: 22%
Gold:   57         EV: 12    Int: 19    God:    Yredelemnul [......] SH:  0 Dex: 13

rFire   + + +      SeeInvis .   f - +0 short sword
rCold   . . .      Faith    .   (no shield)
rNeg    . . .      Spirit   .   a - +0 robe
rPois   ∞          Reflect  .   (no helmet)
rElec   +          Harm     .   (no cloak)
rCorr   +          Rampage  .   (no gloves)
Will    .....                   (boots unavailable)
Stlth   ..........              (no amulet)
HPRegen 0.15/turn               (no ring)
MPRegen 0.00/turn               (no ring)

@: berserking, resistant, flying, very quick
A: sickness immunity, fire resistance 2, cold vulnerability 1, float, innate
caster, HP casting, extra vitality 1
a: Renounce Religion, Recall Undead Harvest


You were on level 2 of the Dungeon.
You worshipped Yredelemnul.
Yredelemnul was noncommittal.
You visited 1 branch of the dungeon, and saw 3 of its levels.

You collected 57 gold pieces.

Inventory:

Hand Weapons
 f - a +0 short sword (weapon)
Missiles
 h - 18 sling bullets
Armour
 a - a +0 robe (worn)
Scrolls
 b - a scroll of blinking {unknown}
 e - 2 scrolls of identify {unknown}
 g - a scroll of teleportation {unknown}
Potions
 d - a potion of curing {unknown}
 i - a potion of resistance
 j - a potion of heal wounds {unknown}


   Skills:
 + Level 3.0 Dodging
 + Level 2.3 Stealth
 + Level 3.6 Spellcasting
 + Level 1.1 Invocations


You couldn't memorise any spells.
You knew the following spells:

 Your Spells              Type           Power      Damage    Failure   Level
a - Freeze                Ice            68%        1d8       3%          1
b - Frozen Ramparts       Ice            34%        1d5       10%         3
c - Ozocubu's Armour      Ice            17%        N/A       10%         3
d - Hailstorm             Conj/Ice       17%        3d6       32%         4
e - Sting                 Tmut/Pois      68%        1d6       3%          1
Your spell library was empty.

Dungeon Overview and Level Annotations

Branches:
Dungeon (3/15)

Altars:
Yredelemnul

Annotations:
D:2 Ijyb


Innate Abilities, Weirdness & Mutations

You are immune to sickness and miasma.
You are immune to poison.
Your flesh is very heat resistant. (rF++)
You are vulnerable to cold. (rC-)
You float through the air rather than walking.
You learn spells naturally, not from books.
Your magical power is your life essence.
You have superior vitality. (+4 MHP)


Message History

There is a stone staircase leading down here.
Unknown command.
Casting: Freeze (safe; 3% risk of failure)
Confirm with . or Enter, or press ? or * to list all spells.
Aiming: Freeze (safe; 3% risk of failure)
Press: ? - help, Shift-Dir - straight line, f - Ijyb
Aim: Ijyb, wielding a +0 club, wearing a +0 ring mail and carrying a wand of mindburst (11)
You freeze Ijyb.
Ijyb is lightly wounded.
Ijyb zaps a wand.
Your mind is blasted!
Casting: Freeze (safe; 3% risk of failure)
Confirm with . or Enter, or press ? or * to list all spells.
Okay, then.
Casting: Freeze (safe; 3% risk of failure)
Confirm with . or Enter, or press ? or * to list all spells.
Aiming: Freeze (safe; 3% risk of failure)
Press: ? - help, Shift-Dir - straight line, f/p - Ijyb
Aim: Ijyb, wielding a +0 club, wearing a +0 ring mail and carrying a wand of mindburst (10) (lightly wounded)
You freeze Ijyb.
Ijyb is moderately wounded.
* * * LOW HITPOINT WARNING * * *
Ijyb completely misses you.
It was a potion of resistance.
You feel protected. Ijyb misses you.
It was a potion of berserk rage.
A red film seems to cover your vision as you go berserk!
You feel yourself moving faster!
You feel mighty! Ijyb closely misses you.
You puncture Ijyb! Your punch misses Ijyb.
Ijyb is severely wounded.
Ijyb hits you with a +0 club.
* * * LOW HITPOINT WARNING * * *
You hit Ijyb but do no damage.
Ijyb is severely wounded.
Ijyb hits you with a +0 club.
* * * LOW HITPOINT WARNING * * *
You hit Ijyb but do no damage.
Ijyb is severely wounded.
Ijyb zaps a wand.
Your mind is blasted!
You die...

#Z####Z# #.# #Z#
#Z# #Z# #Z####.#
##### #.#...Z#
#...# #.#.####
#...# #......#
#...##########.##.#
....ZZZZ........@.#
#'############.#.g#
.....# #....#
.....## ####.#
Z.....# #.# ).....#
#########.# ......#


#ZZZZZZ...# ......# #Z######### ......# #Z# #...# You could see Ijyb.

Vanquished Creatures
  2 adders (D:2)
  A worm (D:2)
  A dart slug (D:1)
  2 ball pythons
  3 endoplasms
  3 hobgoblins
  5 jackals
  A bat (D:1)
  2 frilled lizards (D:1)
  3 goblins
  3 kobolds
26 creatures vanquished.

Vanquished Creatures (collateral kills)
  An endoplasm (D:2)
  A giant cockroach (D:1)
  3 jackals
  A ball python (D:2)
  A frilled lizard (D:2)
  A rat (D:1)
8 creatures vanquished.

Vanquished Creatures (others)
  A bat zombie (D:1)
1 creature vanquished.

Grand Total: 35 creatures vanquished

Notes
Turn   | Place    | Note
-------+----------+-------------------------------------------
     0 | D:1      | Zonian the Djinni Ice Elementalist began the quest for the
                  | Orb.
     0 | D:1      | Reached XP level 1. HP: 15/15 MP: 0/0
   645 | D:1      | Found a faded altar of an unknown god.
   963 | D:1      | Prayed at the altar of an unknown god.
   963 | D:1      | Became a worshipper of Yredelemnul the Dark
   963 | D:1      | Reached * piety under Yredelemnul
  1026 | D:1      | Reached XP level 2. HP: 13/21 MP: 0/0
  1627 | D:1      | Reached XP level 3. HP: 23/25 MP: 0/0
  1627 | D:1      | Learned a level 1 spell: Sting
  1630 | D:1      | Reached ** piety under Yredelemnul
  2229 | D:2      | Reached XP level 4. HP: 17/31 MP: 0/0
  2529 | D:2      | Reached skill level 1 in Invocations
  2616 | D:2      | Reached *** piety under Yredelemnul
  2924 | D:3      | Noticed Ijyb
  2940 | D:2      | Blown up by Ijyb

Illustrated notes

Levels and vault maps discovered:
D:1:      tarquinn_simple_flora_water_d, layout_basic, basic_ecumenical_altar
D:2:      minmay_evil_eye, layout_basic
D:3:      layout_basic, nemelex_dance_club_becter,
          nicolae_dithmenos_through_a_glass_darkly, minitemple,
          nicolae_overflow_crystal_walls, uniq_ijyb

Skill      XL: |  1  2  3  4 |
---------------+-------------+-----
Stealth        | 2 |  2.3
Dodging        | 3 |  3.0
Invocations    | 1 |  1.1
Spellcasting   | |  3.6

Action                   |  1- 3 |  4- 6 || total
-------------------------+-------+-------++-------
Melee: Short sword       |    13 |    11 ||    24
       Unarmed           |     2 |       ||     2
       Punch             |       |     1 ||     1
 Cast: Freeze            |    35 |     7 ||    42
  Use: Potion            |       |     2 ||     2
Armor: Robe              |     3 |     5 ||     8
Dodge: Dodged            |    29 |    19 ||    48

Table legend: (Time is in decaauts)
 A = Elapsed time spent in this place.
 B = Non-inter-level travel time spent in this place.
 C = Inter-level travel time spent in this place.
 D = Time resting spent in this place.
 E = Time spent auto-exploring this place.
 F = Levels seen in this place.
 G = Mean time per level.
                   A        B        C        D        E       F      G
               +--------+--------+--------+--------+--------+-----+--------+
         Total |   3529 |   3400 |    129 |    589 |   2550 |   3 | 1176.3 |
       Dungeon |   3529 |   3400 |    129 |    589 |   2550 |   3 | 1176.3 |
               +--------+--------+--------+--------+--------+-----+--------+

Top non-repeatable levels by time:
     D:1: 1941 daAuts
     D:2: 1575 daAuts
     D:3: 12 daAuts
